 Dungeon Crawl Stone Soup version 0.23-a0-298-g1df1716405 (webtiles) character file.

1685 Rrauwl the Grappler (level 8, -3/75 HPs)
             Began as a Troll Monk on Oct 6, 2018.
             Was an Elder of Okawaru.
             Slain by an orc knight
             ... wielding a +0 broad axe
              (14 damage)
             ... in a bailey.
             The game lasted 00:11:10 (4459 turns).

Rrauwl the Grappler (Troll Monk)                    Turns: 4459, Time: 00:11:10

Health: -3/75      AC:  6    Str: 22    XL:     8   Next: 71%
Magic:  7/7        EV: 11    Int:  6    God:    Okawaru [****..]
Gold:   320        SH:  0    Dex: 12    Spells: 7/7 levels left

rFire    . . .     SeeInvis +     - Unarmed
rCold    . . .     Gourm    +   (no shield)
rNeg     . . .     Faith    .   p - +1 robe
rPois    .         Spirit   .   (helmet restricted)
rElec    .         Reflect  .   (no cloak)
rCorr    .         Harm     .   (gloves unavailable)
MR       .....                  (boots unavailable)
Stlth    ++........             (no amulet)
HPRegen  0.62/turn              d - ring of see invisible
MPRegen  0.10/turn              (no ring)

@: very slightly contaminated, invisible
A: large, unfitting armour, claws 3, fast metabolism 3, gourmand, regeneration
1, shaggy fur 1, tough skin 2
a: Heroism, Renounce Religion


You were in a bailey.
You worshipped Okawaru.
Okawaru was greatly pleased with you.
You were very full.

You visited 1 branch of the dungeon, and saw 7 of its levels.
You also visited: Bailey.

You collected 320 gold pieces.

Inventory:

Hand Weapons
 q - a +0 giant spiked club
Missiles
 c - a throwing net (quivered)
 k - 2 javelins
 s - 42 tomahawks of returning
Armour
 p - a +1 robe (worn)
Jewellery
 d - a ring of see invisible (left claw)
Wands
 o - a wand of random effects (29)
Scrolls
 a - 2 scrolls of immolation
 g - a scroll of fear
 h - a scroll of magic mapping
 i - 7 scrolls of teleportation
 j - 6 scrolls of identify
 m - 2 scrolls of remove curse
 n - 2 scrolls of enchant armour
Potions
 e - 5 potions of curing
 f - a potion of ambrosia
 l - a potion of invisibility
Comestibles
 b - 15 rations
 r - 8 chunks of flesh


   Skills:
 - Level 3.0 Fighting
 - Level 3.0 Dodging
 - Level 1.0 Stealth
 + Level 11.0 Unarmed Combat


You had 7 spell levels left.
You didn't know any spells.
Your spell library contained the following spells:

 Spells                   Type           Power        Failure   Level  Hunger
 Summon Small Mammal      Summ           #...         45%         1    ##.....
 Call Imp                 Summ           #.......     58%         2    ###....
 Call Canine Familiar     Summ           #.......     83%         3    ####...
 Summon Guardian Golem    Hex/Summ       #.......     83%         3    ####...
 Summon Ice Beast         Ice/Summ       #.......     99%         4    #####..
 Summon Lightning Spire   Summ/Air       #.......     99%         4    #####..


Dungeon Overview and Level Annotations

Branches:
Dungeon (7/15)
 Temple: D:4-7

Altars:
Dithmenos
Elyvilon
Fedhas
Gozag
Hepliaklqana
Kikubaaqudgha
Makhleb
Okawaru
Ru
Wu Jian
Yredelemnul

Shops:
D:4 [


Innate Abilities, Weirdness & Mutations

You are too large for most types of armour.
You have claws for hands.
Your metabolism is lightning-fast.
You like to eat raw meat.
Your natural rate of healing is unusually fast.
You are covered in fur. (AC +1)
You have very tough skin. (AC +2)


Message History

The orc knight is severely wounded.
The orc warrior no longer looks unusually strong.
The orc knight closely misses you.
You barely miss the orc knight.
The orc knight is severely wounded.
The orc knight hits you with a broad axe!!
* * * LOW HITPOINT WARNING * * *
You fade into invisibility!
The sentinel's mark upon you fades away.
You are very lightly contaminated with residual magic.
You closely miss the orc knight.
The orc knight is severely wounded.
The orc knight no longer looks unusually strong.
The orc knight roars a battlecry!
The orcs go into a battle-frenzy!
You claw the orc knight!
The orc knight is almost dead.
The orc warrior no longer looks unusually strong.
The orc knight hits you with a broad axe!
You die...

######'######
#∩..K≈.≈..†∩#
#'###≈.≈###'#
#...K≈.≈..†.#
#'###≈.≈###'#
#..KK≈.≈...^#
#'###≈.≈###'#
#...K≈)≈..†.#
#'###≈@≈###'#
#....≈o≈....#
#'###≈g≈###'#
..K≈g≈....#
###≈g≈###'#
...≈o≈....#
###≈o≈###'#
..≈o≈....#
####+######


You could see 2 orc knights, 2 orc warriors, a hobgoblin, 2 goblins and 5
kobolds.

Vanquished Creatures
  Menkaure (D:4)
  An ice beast (D:5)
  2 orc warriors
  A sky beast (D:5)
  A black bear (D:6)
  An ogre (D:7)
  Blork the orc (D:6)
  A scorpion (D:7)
  5 wights (D:6)
  A crimson imp (D:7)
  A bullfrog zombie (D:6)
  2 hounds
  5 orc wizards
  2 bullfrog skeletons (D:6)
  3 orc priests
  4 worker ants
  A hound zombie (D:6)
  A hound skeleton (D:7)
  An adder (D:4)
  4 gnolls (D:2)
  2 oozes
  2 worms
  2 dart slugs (D:1)
  2 leopard geckos
  22 orcs
  A ball python (D:2)
  6 bats
  2 giant cockroaches (D:2)
  6 hobgoblins
  3 quokkas
  A ball python skeleton (D:4)
  A frilled lizard (D:2)
  14 goblins
  A jackal skeleton (D:6)
  18 kobolds
  9 rats
131 creatures vanquished.

Notes
Turn   | Place    | Note
-------+----------+-------------------------------------------
     0 | D:1      | Rrauwl the Troll Monk began the quest for the Orb.
     0 | D:1      | Reached XP level 1. HP: 22/22 MP: 0/0
   179 | D:1      | Reached XP level 2. HP: 29/29 MP: 1/1
   709 | D:2      | Reached XP level 3. HP: 36/36 MP: 2/2
   826 | D:2      | Reached XP level 4. HP: 13/45 MP: 3/3
  1101 | D:2      | Reached skill level 4 in Unarmed Combat
  1175 | D:2      | Found a hazy altar of Hepliaklqana.
  1389 | D:2      | Found an iron altar of Okawaru.
  1389 | D:2      | Found an ancient bone altar of Kikubaaqudgha.
  1390 | D:2      | Found a basalt altar of Yredelemnul.
  1397 | D:2      | Became a worshipper of Warmaster Okawaru
  1397 | D:2      | Reached * piety under Okawaru
  1397 | D:2      | Reached ** piety under Okawaru
  1683 | D:3      | Found a sacrificial altar of Ru.
  1829 | D:3      | Found an ornate altar of the Wu Jian Council.
  1942 | D:3      | Reached XP level 5. HP: 53/53 MP: 4/4
  1995 | D:3      | Reached skill level 5 in Unarmed Combat
  2173 | D:4      | Noticed Menkaure
  2181 | D:4      | Killed Menkaure
  2181 | D:4      | Reached skill level 6 in Unarmed Combat
  2181 | D:4      | Reached XP level 6. HP: 13/61 MP: 2/5
  2262 | D:4      | Found a burning altar of Makhleb.
  2414 | D:4      | Found Yhant's Antique Armour Emporium.
  2852 | D:5      | Entered Level 5 of the Dungeon
  2952 | D:5      | Found an opulent altar of Gozag.
  2952 | D:5      | Found a white marble altar of Elyvilon.
  2957 | D:5      | Found a shadowy altar of Dithmenos.
  2959 | D:5      | Found a faded altar of an unknown god.
  2961 | D:5      | Found a blossoming altar of Fedhas.
  3026 | D:5      | Noticed a sky beast
  3034 | D:5      | Killed a sky beast
  3256 | D:5      | Noticed an ice beast
  3264 | D:5      | Killed an ice beast
  3264 | D:5      | Reached skill level 7 in Unarmed Combat
  3349 | D:6      | Reached *** piety under Okawaru
  3349 | D:6      | Reached XP level 7. HP: 59/67 MP: 6/6
  3487 | D:6      | Noticed Blork the orc
  3495 | D:6      | Killed Blork the orc
  3495 | D:6      | Reached skill level 8 in Unarmed Combat
  3592 | D:6      | Reached skill level 9 in Unarmed Combat
  3635 | D:6      | Reached XP level 8. HP: 73/75 MP: 7/7
  3945 | D:6      | Reached **** piety under Okawaru
  3945 | D:6      | Reached skill level 10 in Unarmed Combat
  4191 | D:7      | Found a flagged portal.
  4304 | Bailey   | Entered a bailey
  4434 | Bailey   | Noticed an orc knight
  4443 | Bailey   | Reached skill level 11 in Unarmed Combat
  4446 | Bailey   | Noticed an orc knight
  4459 | Bailey   | Slain by an orc knight

Vault maps used:
D:1:      onia_arrival_mini_spirals, roderic_malta_cross, grunt_decor_arrowhead
D:2:      gammafunk_temple_overflow_claw, overflow_temple_1_default
D:3:      old_standard_altar, lemuel_round_altar
D:4:      kennysheep_mini_moat, serial_shops, nicolae_shop_crystal, minivault_4,
          uniq_menkaure
D:5:      chequers_temple_overflow_minitemple, first_ration,
          kennysheep_generic_room_12
D:6:      uniq_blork_the_orc
D:7:      minmay_temple_entry_trees, serial_shops, shop,
          nicolae_shop_behind_doors, enter_bailey_2, cheibriados_altar_1
Bailey:   bailey_axe_1, bailey

Skill      XL: |  1  2  3  4  5  6  7  8 |
---------------+-------------------------+-----
Fighting       | 3 |  3.0
Dodging        | 3 |  3.0
Unarmed Combat | 4 6 7 9 11 | 11.0
Stealth        | |  1.0

Action                   |  1- 3 |  4- 6 |  7- 9 || total
-------------------------+-------+-------+-------++-------
Melee: Unarmed           |    60 |   129 |   167 ||   356
       Punch             |     3 |     2 |    10 ||    15
Invok: Heroism           |       |     3 |     3 ||     6
  Use: Scroll            |     5 |     3 |     5 ||    13
       Potion            |     3 |     2 |     1 ||     6
 Stab: Sleeping          |     2 |     6 |       ||     8
       Distracted        |       |       |     1 ||     1
  Eat: Chunk             |     9 |    19 |    17 ||    45
Armor: Robe              |    22 |    39 |    39 ||   100
Dodge: Dodged            |    35 |    62 |   101 ||   198

Table legend:
 A = Non-vault XP
 B = Vault XP
 C = Vault XP percentage of total XP
 D = Non-vault monster count
 E = Vault monster count
 F = Vault count percentage of total count
                 A         B        C        D         E       F
            +---------+---------+-------+---------+---------+-------
      Total |    1981 |     427 |  17.7 |     119 |      12 |   9.2
            +---------+---------+-------+---------+---------+-------
        D:1 |      36 |       0 |   0.0 |      19 |       0 |   0.0
        D:2 |      93 |       0 |   0.0 |      21 |       0 |   0.0
        D:3 |      85 |       0 |   0.0 |      25 |       0 |   0.0
        D:4 |      61 |     183 |  75.0 |       4 |       1 |  20.0
        D:5 |     274 |       0 |   0.0 |       4 |       0 |   0.0
        D:6 |    1025 |      99 |   8.8 |      34 |       1 |   2.9
        D:7 |     407 |       0 |   0.0 |      12 |       0 |   0.0
     Bailey |       0 |     145 | 100.0 |       0 |      10 | 100.0
            +---------+---------+-------+---------+---------+-------
